Cogmind - Beta 14 *** ADVENTURER MODE // 2024.08.23 @ 02:39:11 Player: Ms. V3-11A Result: Destroyed by KG-SSN(R) with Subdweller Machine Gun Performance ------------- Evolutions (0) 0 Regions Visited (2) 400 Robots Destroyed (12) 60 Value Destroyed (373) 373 Prototype IDs (11) 220 Alien Tech Used (0) 0 Bonus (0) 0 TOTAL SCORE: 1053 Bonus ------- None Cogmind --------- Core Integrity 0/250 Matter 300/300 Energy 246/250 System Corruption 0% Temperature Cool (2) Movement Treading (240) Ox1 Location -10/Subcaves Parts ------- > --- POWER (1) -------- Ion Engine > --- PROPULSION (2) --- Light Treads Light Treads > --- UTILITY (2) ------ High-capacity Storage Unit Makeshift Light Armor Plating > --- WEAPON (2) ------- Small Laser Subdweller Laser > --- INVENTORY (20) --- Subdweller Power Source Light Treads Light Treads Arachnoskeleton Subdweller Monowheel Disposable Heat Sink Large Storage Unit Assault Rifle Light Assault Rifle Light Assault Rifle Light Assault Rifle Slug Cannon Peak State ------------ > --- POWER ------------ Ion Engine > --- PROPULSION ------- Light Treads Light Treads > --- UTILITY ---------- High-capacity Storage Unit Makeshift Light Armor Plating > --- WEAPON ----------- Small Laser Subdweller Laser > --- INVENTORY -------- Subdweller Power Source Light Treads Light Treads Arachnoskeleton Subdweller Monowheel Disposable Heat Sink Large Storage Unit Assault Rifle Light Assault Rifle Light Assault Rifle Light Assault Rifle Slug Cannon [Rating: 14] Favorites ----------- Power Ion Engine Engine Ion Engine Propulsion Light Treads Treads Light Treads Leg Aluminum Leg Utility High-capacity Storage Unit Storage High-capacity Storage Unit Protection Weapon Shielding Weapon Small Laser Energy Gun Small Laser Ballistic Gun Light Assault Rifle Build | -11 -10 -10 ------- Run | Yrd Mat Sub Slots Evolved . | . . . Power . | . . . Propulsion . | . . . Utility . | . . . Weapon . | . . . Parts Attached 9 | . 3 6 Power 2 | . . 2 Engine 2 | . . 2 Core . | . . . Reactor . | . . . Propulsion 3 | . 1 2 Treads 2 | . . 2 Leg 1 | . 1 . Wheel . | . . . Hover . | . . . Flight . | . . . Utility 3 | . 2 1 Device . | . . . Storage 1 | . 1 . Processor . | . . . Hackware . | . . . Protection 2 | . 1 1 Artifact . | . . . Weapon 1 | . . 1 Energy Gun 1 | . . 1 Energy Cannon . | . . . Ballistic Gun . | . . . Ballistic Cannon . | . . . Launcher . | . . . Special Weapon . | . . . Impact Weapon . | . . . Slashing Weapon . | . . . Piercing Weapon . | . . . Special Melee Weapon . | . . . Unidentified Prototypes . | . . . Parts Lost 4 | . 1 3 Power 2 | . . 2 Propulsion 2 | . 1 1 Utility . | . . . Weapon . | . . . Highest Loss Streak 2 | . 1 2 To Critical Strikes . | . . . Average Slot Usage (%) 96 | . 91 99 Engine 13 | . 14 13 Treads 14 | . . 23 Leg 13 | . 26 4 Storage 14 | . 14 14 Protection 11 | . 7 14 Energy Gun 19 | . 14 23 Ballistic Gun 8 | . 14 4 Peak Build Rating 14 | . 8 14 Average Rating 9 | . 6 10 On Entrance 6 | 6 6 8 Naked Turns . | . . . Heaviest Build 54 | 12 48 54 Greatest Support 40 | 20 20 40 Greatest Overweight (x) 4 | . 4 2 Average Overweight (x) 1 | . 1 1 Largest Inventory Capacity 20 | . 20 20 Average Capacity 19 | . 18 20 Most Carried 14 | . 10 14 Average Carried 9 | . 6 11 Final Capacity 20 | 8 20 20 Final Carried 14 | 6 10 14 Class Distribution -------------------- 100% | Mutant Dominant Class ---------------- Mutant | -10/Materials Mutant | -10/Subcaves Resources | -11 -10 -10 ----------- Run | Yrd Mat Sub Matter Collected 324 | 200 52 72 Remotely . | . . . Salvage Created 498 | . 255 243 Parts 33 | . 20 13 Haulers Intercepted . | . . . Recyclers Shooed 1 | . 1 . Parts Field Recycled . | . . . Retrieved Matter . | . . . Parts Self-Destructed 6 | . . 6 Prevented . | . . . Kills | -11 -10 -10 ------- Run | Yrd Mat Sub Combat Hostiles Destroyed 12 | . 8 4 Guns 12 | . 8 4 Classes Destroyed 4 | . 2 2 Swarmer 3 | . 3 . Grunt 5 | . 5 . Cobbler 1 | . . 1 Subdweller 4 | . . 4 Best Kill Streak 5 | . 5 2 Combat Bots Only 5 | . 5 2 Max Kills in Single Turn 1 | . 1 1 Gunslinging . | . . . Exploded . | . . . Melee . | . . . Uniques/NPCs Destroyed . | . . . Combat | -11 -10 -10 -------- Run | Yrd Mat Sub Hostile Shots Fired 124 | . 63 61 Missed 39 | . 17 22 Damage Taken 988 | . 367 621 Core 250 | . 61 189 Absorbed by Shields . | . . . Redirected to Shielding 31 | . 21 10 Ignored by Resistances 295 | . 119 176 Core Remaining (%) 100 | 100 . . Volleys Fired 73 | . 27 46 Largest 2 | . 2 2 Hottest 100 | . 60 100 Shots Fired 114 | . 46 68 Gun 114 | . 46 68 Cannon . | . . . Launcher . | . . . Special . | . . . Kinetic 54 | . 27 27 Thermal 60 | . 19 41 Explosive . | . . . Electromagnetic . | . . . Robot Hit Streak 23 | . 8 23 Robot Miss Streak 2 | . 2 2 Penetration Max . | . . . Secondary Targets 2 | . 2 . Max Gunslinging Chain 1 | . 1 . Shots Hit Robots 85 | . 35 50 Core Hits 35 | . 19 16 Critical Kills . | . . . Critical Parts Destroyed 2 | . 2 . Critical Strikes 2 | . 2 . Destroy 2 | . 2 . Melee Attacks . | . . . Impact . | . . . Slashing . | . . . Piercing . | . . . Sneak Attacks . | . . . Combat Hostiles . | . . . Follow-up Attacks . | . . . Damage Inflicted 888 | . 352 536 Guns 888 | . 352 536 Cannons . | . . . Explosions . | . . . Melee . | . . . Ramming . | . . . Kinetic 374 | . 173 201 Thermal 514 | . 179 335 Explosive . | . . . Electromagnetic . | . . . Impact . | . . . Slashing . | . . . Piercing . | . . . Highest Corruption . | . . . Average Corruption . | . . . Corruption Purged . | . . . Corruption Blocked . | . . . Overload Shots . | . . . Overflow Damage . | . . . Projectiles . | . . . Explosions . | . . . Melee . | . . . Knockbacks . | . . . Impact . | . . . Kinetic . | . . . Secondary . | . . . Self-Inflicted Damage . | . . . Shots . | . . . Rammed . | . . . Targets Rammed . | . . . Kicked . | . . . Crushed . | . . . Highest Temperature 82 | . 82 . Average Temperature 35 | . 35 . Received Heat Transfer 330 | . 198 132 Siege Activations . | . . . Robots Corrupted . | . . . Combat Hostiles . | . . . Parts Fried . | . . . Impact Corruptions . | . . . Robots Melted . | . . . Combat Hostiles . | . . . Parts Melted . | . . . Heat Transferred 975 | . 400 575 Parts Sabotaged . | . . . Parts Stolen . | . . . Parts Stripped . | . . . Power Chain Reactions . | . . . Alert | -11 -10 -10 ------- Run | Yrd Mat Sub Peak Influence 125 | . 125 . Initial . | . . . Average 67 | . 67 . Maximum Alert Level . | . . . Low Security (%) 100 | . 100 . Level 1 . | . . . Level 2 . | . . . Level 3 . | . . . Level 4 . | . . . Level 5 . | . . . High Security . | . . . Max Security . | . . . Squads Dispatched 1 | . 1 . Investigation 1 | . 1 . Extermination . | . . . Reinforcement . | . . . Assault . | . . . Garrison . | . . . Intercept . | . . . Searches Triggered . | . . . Construction Impeded . | . . . Haulers Reinforced . | . . . Active Scanning Responses . | . . . Cargo Convoy Interrupts . | . . . Stealth | -11 -10 -10 --------- Run | Yrd Mat Sub Distress Signals . | . . . Communications Jammed . | . . . Distress Signals . | . . . Times Spotted 27 | . 21 6 Peak Tracking Total 7 | . 7 3 Tactical Retreats . | . . . Traps | -11 -10 -10 ------- Run | Yrd Mat Sub Traps Triggered 1 | . 1 . Indirectly . | . . . Trap Hack Attempts . | . . . Triggered . | . . . Disarmed . | . . . Reprogrammed . | . . . Reused . | . . . Traps Extracted . | . . . Installed . | . . . Triggered . | . . . Machines | -11 -10 -10 ---------- Run | Yrd Mat Sub Machines Disabled 1 | . . 1 Max in Single Turn 1 | . . 1 Machines Repaired . | . . . Machines Dismantled . | . . . Machines Sabotaged . | . . . Overloaded Fab Kills . | . . . Hacking | -11 -10 -10 --------- Run | Yrd Mat Sub Machines Accessed 2 | . 1 1 Terminals 1 | . 1 . Fabricators . | . . . Repair Stations . | . . . Recycling Units . | . . . Scanalyzers . | . . . Garrison Access . | . . . Total Hacks 3 | . 2 1 Successful 3 | . 2 1 Failed . | . . . Catastrophic . | . . . Database Lockouts . | . . . Manual 2 | . 2 . Terminals 2 | . 2 . Fabricators . | . . . Repair Stations . | . . . Recycling Units . | . . . Scanalyzers . | . . . Garrison Access . | . . . Terminal Hacks 1 | . . 1 Derelict Proto ID Bank 1 | . . 1 Fabricator Hacks . | . . . Repair Station Hacks . | . . . Recycling Unit Hacks . | . . . Scanalyzer . | . . . Garrison Access Hacks . | . . . Unauthorized Hacks 2 | . 2 . Terminals 2 | . 2 . Botnet 1 | . 1 . Skim 1 | . 1 . Fabricators . | . . . Repair Stations . | . . . Recycling Units . | . . . Scanalyzers . | . . . Garrison Access . | . . . Data Cores Recovered . | . . . Used . | . . . Hacking Detections 1 | . 1 . Full Trace Events . | . . . Feedback Events . | . . . Feedback Blocked . | . . . Robot Schematics Acquired . | . . . Robots Built . | . . . Authchips . | . . . Time . | . . . Total Robot Build Rating . | . . . Part Schematics Acquired . | . . . Parts Built . | . . . Authchips . | . . . Time . | . . . Total Part Build Rating . | . . . Parts Repaired . | . . . Time . | . . . Parts Recycled . | . . . Recycled Matter . | . . . Retrieved Matter . | . . . Retrieved Components . | . . . Parts Scanalyzed . | . . . Part Schematics Acquired . | . . . Parts Damaged . | . . . Bothacking | -11 -10 -10 ------------ Run | Yrd Mat Sub Used RIF Installer . | . . . Robots Hacked . | . . . Non-combat . | . . . Combat . | . . . Robot Hacks Applied . | . . . Relay Couplers Released . | . . . Fabnet Peak Effective % . | . . . Robots Rewired . | . . . Allies Hacked . | . . . Hacks Repelled . | . . . Allies | -11 -10 -10 -------- Run | Yrd Mat Sub Total Allies . | . . . Largest Group . | . . . Highest-Rated Group . | . . . Highest-Rated Ally . | . . . Total Orders . | . . . Ally Attacks . | . . . Total Damage . | . . . Kills . | . . . Allies Corrupted . | . . . Allies Melted . | . . . Intel | -11 -10 -10 ------- Run | Yrd Mat Sub Robot Analysis Total . | . . . Derelict Logs Recovered . | . . . Drone Launches . | . . . Drone Recoveries . | . . . Exploration | -11 -10 -10 ------------- Run | Yrd Mat Sub Turns Passed 1835 | . 730 1105 Spaces Moved 628 | 1 223 404 Core . | . . . Treads 346 | . . 346 Legs 282 | 1 223 58 Wheels . | . . . Hover . | . . . Flight . | . . . Fastest Speed 120 | 120 120 240 Average Speed 239 | 120 233 242 Slowest Speed 400 | 120 400 260 Overloaded Moves . | . . . Propulsion Burnouts . | . . . Robots Hopped . | . . . Cave-ins Triggered . | . . . Exploration Rate (%) 19 | 2 34 21 Regions Visited 2 Branch Regions 1 Pre-discovered Areas . | . . . Known Exits Taken . | . . . Unknown Exits Taken 2 | 1 1 . Scrap Searched 2 | . . 2 Spaces Dug . | . . . Terrain Destroyed . | . . . Melee . | . . . Projectile . | . . . AOE . | . . . Terrain Rammed . | . . . Walls Destroyed . | . . . Machines Disabled . | . . . Actions | -11 -10 -10 --------- Run | Yrd Mat Sub Total 861 | . 394 467 Wait 136 | . 133 3 Move 626 | . 222 404 Hop . | . . . Pick Up 12 | . 6 6 Fast Attach 4 | . 3 1 Attach 4 | . . 4 Detach . | . . . Swap 1 | . . 1 Drop 5 | . 3 2 Fire 73 | . 27 46 Melee . | . . . Ram . | . . . Kick . | . . . Crush . | . . . Escape Stasis . | . . . Rewire . | . . . Trap . | . . . Miscellaneous . | . . . Route ------- -11/Scrapyard -10/Materials (discovered 2 exits: [*Mat] / *Sub) -10/Subcaves History --------- Turn | Location | Event 1 | -11/Scrapyard | Discovered new exit (range 0) 1 | -11/Scrapyard | Entered Materials 313 | -10/Materials | Build established: Mutant 472 | -10/Materials | Discovered new exit (range 15) 678 | -10/Materials | Discovered new exit (range 8) 731 | -10/Materials | Entered Subcaves 907 | -10/Subcaves | Core integrity fell below 50% 1166 | -10/Subcaves | Ambushed by Subdwellers from Twisted Machinery 1175 | -10/Subcaves | Core integrity fell below 20% 1506 | -10/Subcaves | Visited 4L-MR0's lab 1537 | -10/Subcaves | Found Arachnoskeleton 1836 | -10/Subcaves | Destroyed by KG-SSN(R) with Subdweller Machine Gun Last Messages --------------- Arachnoskeleton Cargo Legs Tripod Weapons Platform Flightbrick Gun Armor Tower Shield Power Bank Rainbow Chip VL-GR5's Exoskeleton "Deathgrip" Powered Cannon 01523_ 4L-MR0 mumbles to no one in particular: "Damn Subs sneaking around stealing my stuff." 01529_ Testing Chamber breached. 01537_ Acquired Arachnoskeleton. 01538_ 4L-MR0 mumbles: "I'm surprised some of them are even willing to come in here given their fear of my usual visitors." 01545_ 4L-MR0 mumbles: "Who knows where that last prototype ended up, probably tossed aside somewhere as if it were useless junk..." Map ----- +----------------------------------------------------+ | # #????????????????????????????????? | | # ## ## #????????????????????????????????? | | ####### % #????????????????????????????????? | | ### #????????????????????????????????? | | ## ##????????????????????????????????? | | ### ###?????????????????????????????????? | | ##?# ##???????????????????????????????????? | | #?## #????????????????????????????????????? | | ##### #####????????????????????????????????? | | ####??# %## ##???????????????????????????????? | | ##????## % #???????????????????????????????? | | #?????# #???????????????????????????????? | | ##????# %##???????????????????????????????? | | #????# ### #????????????????????????????????? | | #????# #### #????????????????????????????????? | | ##???## ######????????????????????????????????? | | #????## ####????????????????????????????????? | | # ####### #????????????????????????????????? | | # #????????????????????????????????? | | # #????????????????????????????????? | | ### ##????????????????????????????????? | | # # #########????????######???????????????????? | | # # ##???########### ##??????????????????? | | ## ##### # # #??????????????????? | | # ## ## #??????????????????? | | # ### " @ #??????????????????? | | # #### ## # """ #??????????????????? | | # #??### ### ##??????????????????? | | ####??## ##?## " ## #???????????????????? | | # ##?## ##??# ####? ##???????????????????? | | # #?# #???# #????*R#????????????????????? | | #?# ##### #????"[#????????????????????? | | ### ##" ##????"" ????????????????????? | | #### " #????? " ???????????????????? | | ### " ##????? ???????????????????? | | ?# ### ## = ##???? ??????????????????? | | ?## #??# ## && #????? ?#?????????????????? | | ??# ##?# ###*! #????? ???????????????????? | | ### ###### ##??????????????????????????? | | ##??# #???????????????????????????? | | % ##?# ##???????????????????????????? | | ### #?#*!###????????????????????????????? | | ##?# ## ###% #??????????????????????????????? | | ???#### #### = #??????????????????????????????? | | ?????# ### #???????##?????????????????????? | | ?????# ### ##??????? ##????????????????????? | | ????## ##??????? #????????????????????? | | ????# ##??????? #?????????????????????? | | ???## """"### #####??? #?????????????????????? | | ??## "####?#### ##?# #??????????????????????? | +----------------------------------------------------+ Best States ------------- Heat Dissipation 25 Energy Generation 10 Energy Capacity 250 Matter Stores 300 Matter Capacity 300 Sight Range 16 Terrain Scan Density 10 Armor Coverage 100 Resistance: KI 20 Resistance: TH 20 Resistance: EX 20 Resistance: EM 20 Resistance: I 20 Resistance: S 20 Resistance: P 20 Weapon Shielding 33 Evasion (%) 55 Recoil Reduction 2 Offensive Hacking 10 Item Schematics ----------------- None Robot Schematics ------------------ None Fabricated ------------ Nothing Alien Tech Used ----------------- None Achievements -------------- None Challenges ------------ None Game ------ Seed DirtyConcussiveMeganuke Manual? 0 Play Time 00:09:15 Cumulative 304.3 hours Start 2024.08.23 @ 02:20:06 End 2024.08.23 @ 02:39:11 Sessions 1 Manual Loads 0 Difficulty Adventurer Special Mode None Game No. 232 Rogue 63 Adventurer 143 Explorer 26 Win Type - Total 1 Types 1/0/0/0/0/0/0/0/0 Lore% 75 Gallery% 72 Achievement% 68 Wizard Run 0 Options --------- Layout 2 ASCII 0 Keyboard 0 Movement Mouse Keybinds 0 Fullscreen 0 Font 18/CogNarrow Map View 64x51 Zoom Use 0% Tactical HUD 1 Map Filters NONE Filters BRIGHTNESS(115)|SATURATION(100)|LOW_CONTRAST(0,16,30) Steam 1 RUN: 06f6c198-0feb-4a5e-b0ac-4ec9531c7cc5